 Dungeon Crawl Stone Soup version 0.21.1-1-g345015f (webtiles) character file.

57 letownia2 the Charmwright (level 4, -4/33 HPs)
             Began as a Merfolk Skald on Mar 18, 2018.
             Slain by a hound (6 damage)
             ... on level 4 of the Dungeon.
             The game lasted 00:04:30 (525 turns).

letownia2 the Charmwright (Merfolk Skald)            Turns: 525, Time: 00:04:30

Health: -4/33      AC:  3    Str: 15    XL:     4   Next: 0%
Magic:  0/7        EV: 12    Int: 13    God:
Gold:   68         SH:  0    Dex: 13    Spells: 1/7 levels left

rFire    . . .     SeeInvis .   a - +0 spear
rCold    . . .     Gourm    .   (no shield)
rNeg     + . .     Faith    .   b - +0 leather armour
rPois    .         Spirit   .   (no helmet)
rElec    .         Reflect  .   (no cloak)
rCorr    .         Harm     .   (no gloves)
MR       .....                  (no boots)
Stlth    +.........             (no amulet)
HPRegen  0.11/turn              f - ring of positive energy
MPRegen  0.10/turn              i - +4 ring of strength

@: infused (expiring), very slightly contaminated
A: change form in water, swift swim, stealthy swim
a: no special abilities


You were on level 4 of the Dungeon.
You were not hungry.

You visited 1 branch of the dungeon, and saw 4 of its levels.

You collected 68 gold pieces.

Inventory:

Hand Weapons
 a - a +0 spear (weapon)
 k - a +1 dagger of speed
 l - a +0 quarterstaff
Armour
 b - a +0 leather armour (worn)
 e - a +0 ring mail
Jewellery
 f - a ring of positive energy (left hand)
 i - a +4 ring of strength (right hand)
Scrolls
 g - 2 scrolls of identify {unknown}
 h - a scroll of remove curse {unknown}
 j - 3 scrolls of amnesia {unknown}
Books
 c - a book of Battle

   Spells                             Type                      Level
   a - Infusion                       Charms                       1
   b - Shroud of Golubria             Charms/Translocation         2
   c - Song of Slaying                Charms                       2
   d - Spectral Weapon                Hexes/Charms                 3
   e - Regeneration                   Charms/Necromancy            3
Comestibles
 d - 3 rations


   Skills:
 - Level 2.1 Fighting
 + Level 3.0 Polearms
 - Level 0.6 Armour
 - Level 2.6 Dodging
 - Level 2.0 Spellcasting
 - Level 1.2 Hexes
 + Level 4.6 Charms
 - Level 1.0 Translocations


You had one spell level left.
You knew the following spells:

 Your Spells              Type           Power        Failure   Level  Hunger
a - Infusion              Chrm           ##..         4%          1    ##.....
t - Shroud of Golubria    Chrm/Tloc      #.........   16%         2    ###....
x - Spectral Weapon       Hex/Chrm       #.......     28%         3    ####...


Dungeon Overview and Level Annotations

Branches:
Dungeon (4/15)
 Temple: D:4-7

Altars:


Message History

You closely miss the hound.
The hound is lightly wounded.
The hound bites you.
* * * LOW HITPOINT WARNING * * *
A jackal comes into view.
You barely miss the hound.
The hound is lightly wounded.
The jackal barks!
You hear a bark!
The hound misses you. The hound bites you.
* * * LOW HITPOINT WARNING * * *
You completely miss the hound.
The hound is lightly wounded.
The jackal closely misses you. The hound closely misses you.
The jackal barely misses you.
You barely miss the hound.
The hound is lightly wounded.
The hound misses you. The jackal bites you.
* * * LOW HITPOINT WARNING * * *
The hound bites you.
You die...

#......)..#. #.
#...#####.#. #.
### #...# #...
.. ..###...#
###. #.
#.##.#..# #. #.
#.#.###.# ####.
#. #.#..#..#
#....
#.##.#.#...#
#.###
#.@h.......# #
###h.......#
#............
...............
#
######.#######..
# #.# . # #.#
#.. #


You could see a hound and a jackal.

Vanquished Creatures
  3 adders (D:2)
  A dart slug (D:2)
  7 bats
  A giant cockroach (D:1)
  4 goblins (D:1)
  2 jackals (D:1)
  2 kobolds
  A ball python (D:4)
  3 frilled lizards
  4 rats
28 creatures vanquished.

Notes
Turn   | Place    | Note
-------+----------+-------------------------------------------
     0 | D:1      | letownia2 the Merfolk Skald began the quest for the Orb.
     0 | D:1      | Reached XP level 1. HP: 16/16 MP: 3/3
    65 | D:1      | Reached XP level 2. HP: 16/22 MP: 5/5
    94 | D:1      | Reached skill level 4 in Charms
   160 | D:2      | Reached XP level 3. HP: 15/27 MP: 0/6
   181 | D:2      | Learned a level 2 spell: Shroud of Golubria
   185 | D:2      | Learned a level 3 spell: Spectral Weapon
   370 | D:2      | Reached skill level 1 in Hexes
   431 | D:2      | Reached skill level 1 in Translocations
   492 | D:4      | Reached XP level 4. HP: 33/33 MP: 7/7
   499 | D:4      | Noticed an ogre
   525 | D:4      | Slain by a hound

Skill      XL: |  1  2  3 |
---------------+----------+-----
Charms         | 4 |  4.6
Hexes          | 1 |  1.2
Translocations | 1 |  1.0
Fighting       | |  2.1
Polearms       | |  3.0
Armour         | |  0.6
Dodging        | |  2.6
Spellcasting   | |  2.0

Action                   |  1- 3 |  4- 6 || total
-------------------------+-------+-------++-------
Melee: Spear             |    93 |     8 ||   101
 Cast: Infusion          |     6 |     1 ||     7
       Shroud of Golubri |     2 |       ||     2
 Stab: Sleeping          |     2 |       ||     2
Armor: Leather armour    |    18 |     2 ||    20
Dodge: Dodged            |    48 |    10 ||    58
